 Dungeon Crawl Stone Soup version 0.31.0-12-g77e489cdc1 (webtiles) character file.

Game seed: 1644899505643136727

1928 Curundu the Cleaver (level 8, -3/88 (109) HPs)
             Began as a Minotaur Berserker on Feb 21, 2024.
             Was a Priest of Trog.
             Slain by a wight
             ... wielding a +0 war axe
              (6 damage)
             ... on level 6 of the Dungeon.
             The game lasted 00:14:12 (4761 turns).

Curundu the Cleaver (Minotaur Berserker)            Turns: 4761, Time: 00:14:12

HP:   -3/88 (109)   AC: 11    Str: 25    XL:     8   Next: 96%
MP:   7/7           EV: 10    Int:  4    God:    Trog [***...]
Gold: 178           SH:  0    Dex:  9    Spells: 7/7 levels left

rFire   . . .        a - +0 hand axe
rCold   . . .        (no shield)
rNeg    . . .        k - +0 chain mail
rPois   +            (helmet restricted)
rElec   .            (no cloak)
rCorr   .            x - +0 pair of gloves
SInv    .            (no boots)
Will    ++...        (no amulet) Stlth
                     d - ring of poison resistance
HPRegen 1.34/turn    f - ring of poison resistance
MPRegen 0.10/turn

%: no passive effects
@: berserking, strong-willed (expiring), regenerating (expiring), heavily
drained, very quick
A: horns 2, retaliatory headbutt
a: Renounce Religion, Berserk, Trog's Hand


You were on level 6 of the Dungeon.
You worshipped Trog.
Trog was most pleased with you.
You visited 1 branch of the dungeon, and saw 6 of its levels.

You collected 178 gold pieces.

Inventory:

Hand Weapons
 a - a +0 hand axe (weapon)
Armour
 k - a +0 chain mail (worn)
 x - a +0 pair of gloves (worn)
 y - a +0 cloak
Jewellery
 d - a ring of poison resistance (left hand)
 f - a ring of poison resistance (right hand)
Wands
 o - a wand of roots (7)
 q - a wand of flame (23)
 t - a wand of paralysis (7)
Scrolls
 b - a scroll of poison {unknown}
 c - a scroll of revelation {unknown}
 e - 2 scrolls of immolation {unknown}
 h - 5 scrolls of teleportation {unknown}
 m - a scroll of noise {unknown}
 n - 2 scrolls of enchant weapon {unknown}
 r - a scroll of enchant armour {unknown}
 u - a scroll of fear {unknown}
 v - a scroll of blinking {unknown}
Potions
 g - 5 potions of haste
 i - a potion of might {unknown}
 j - a potion of brilliance {unknown}
 l - 2 potions of enlightenment
 p - 3 potions of mutation
 s - 2 potions of cancellation {unknown}
 w - a potion of lignification {unknown}
 z - a potion of attraction {unknown}


   Skills:
 + Level 7.1 Fighting
 + Level 9.8 Axes
 + Level 7.0 Armour
 + Level 5.2 Dodging
 + Level 1.0 Stealth


You had 7 spell levels left.
You didn't know any spells.
Your spell library was empty.

Dungeon Overview and Level Annotations

Branches:
Dungeon (6/15)
 Temple: D:4-7

Altars:
Gozag
Sif Muna
Vehumet
Wu Jian
Xom


Innate Abilities, Weirdness & Mutations

You have a pair of horns on your head.
You reflexively headbutt those who attack you in melee.


Message History

You hit the wight.
The wight is severely damaged.
You closely miss the wight. The wight misses you.
The wight hits you with a +3 morningstar!
You feel drained.
Unknown command.
You closely miss the wight.
The wight is severely damaged.
You hit the wight but do no damage. The wight hits you with a +0 war axe!
You feel drained. The wight misses you.
You hit the wight but do no damage. Your punch misses the wight.
The wight is severely damaged.
You hit the wight but do no damage. The wight barely misses you. x2
You hit the wight but do no damage.
The wight is severely damaged.
You hit the wight but do no damage.
You feel the effects of Trog's Hand fading.
The wight hits you with a +0 war axe.
* * * LOW HITPOINT WARNING * * *
You feel drained.
* * * LOW HITPOINT WARNING * * *
The wight hits you with a +3 morningstar!
* * * LOW HITPOINT WARNING * * *
A red film seems to cover your vision as you go berserk!
You feel yourself moving faster!
You feel mighty! The wight barely misses you.
The wight hits you with a +0 war axe!
* * * LOW HITPOINT WARNING * * *
You feel drained.
* * * LOW HITPOINT WARNING * * *
You closely miss the wight.
The wight is severely damaged.
You barely miss the wight. You barely miss the wight.
The wight is severely damaged.
You hit the wight. You slash the wight!
You destroy the wight!
Trog accepts your kill.
You slash the wight! The wight hits you with a +0 war axe.
You die...

... .......... ..#. .#
#......... .... .##
#.......# #..#
..###......###.$.#
#..#....##......#
..............## # .
#..............# .#...
##.........$...###......
#..............)@)......
..............)))z......
........................
.##.....................
..#.....................
...................:....
......#################.


You could see a wight.

Vanquished Creatures
  Grinder (D:3)
  A wyvern (D:4)
  A wraith (D:5)
  Menkaure (D:5)
  A water moccasin (D:6)
  Duvessa (D:5)
  An ice beast (D:5)
  A sky beast (D:5)
  A phantom (D:4)
  2 wights (D:6)
  Dowan (D:5)
  2 bombardier beetles
  3 jellies (D:5)
  2 orc priests
  Crazy Yiuf (D:5)
  4 iguanas (D:5)
  Ijyb (D:3)
  Terence (D:2)
  3 orc wizards
  Robin (D:2)
  8 gnolls
  6 adders
  A shadow imp (D:6)
  A ribbon worm (D:4)
  3 dart slugs
  15 orcs
  8 ball pythons
  6 bats
  9 endoplasms
  3 giant cockroaches
  17 goblins
  15 hobgoblins
  10 jackals
  5 quokkas
  4 frilled lizards
  7 kobolds
  2 rats (D:2)
150 creatures vanquished.

Notes
Turn   | Place    | Note
-------+----------+-------------------------------------------
     0 | D:1      | Curundu the Minotaur Berserker began the quest for the Orb.
     0 | D:1      | Reached XP level 1. HP: 19/19 MP: 0/0
   106 | D:1      | Reached skill level 4 in Axes
   106 | D:1      | Reached XP level 2. HP: 13/27 MP: 1/1
   295 | D:1      | Reached XP level 3. HP: 33/33 MP: 2/2
   307 | D:1      | Found a faded altar of an unknown god.
   325 | D:1      | Reached ** piety under Trog
   735 | D:2      | Noticed Robin
   745 | D:2      | Reached XP level 4. HP: 41/41 MP: 3/3
   747 | D:2      | Reached skill level 5 in Axes
   750 | D:2      | Killed Robin
   823 | D:2      | Identified the +1 spear "Oghuoffi" {flame, *Noise rPois
                  | rC+++ Dex-5}
   921 | D:2      | Reached XP level 5. HP: 34/47 MP: 4/4
  1296 | D:2      | Identified the +10 war axe "Hellblazer" {drain, rPois
                  | Stlth+}
  1584 | D:2      | Noticed Terence
  1598 | D:2      | Killed Terence
  1599 | D:2      | Reached skill level 5 in Fighting
  1819 | D:3      | Noticed Ijyb
  1824 | D:3      | Noticed Grinder
  1825 | D:3      | Killed Ijyb
  1826 | D:3      | Reached skill level 6 in Axes
  1845 | D:3      | Paralysed by Grinder for 2 turns
  1851 | D:3      | Paralysed by Grinder for 4 turns
  1858 | D:3      | Killed Grinder
  1859 | D:3      | Reached skill level 7 in Axes
  1859 | D:3      | Reached XP level 6. HP: 20/56 MP: 5/5
  2129 | D:3      | Found an ornate altar of the Wu Jian Council.
  2228 | D:3      | Found an opulent altar of Gozag.
  2276 | D:3      | Reached *** piety under Trog
  2537 | D:3      | Found a radiant altar of Vehumet.
  2816 | D:4      | Noticed a wyvern
  2823 | D:4      | Killed a wyvern
  2824 | D:4      | Reached XP level 7. HP: 42/62 MP: 6/6
  2911 | D:4      | Found a shimmering blue altar of Sif Muna.
  3019 | D:4      | Reached skill level 8 in Axes
  3309 | D:5      | Entered Level 5 of the Dungeon
  3367 | D:5      | Noticed a wraith
  3390 | D:5      | Killed a wraith
  3391 | D:5      | Reached XP level 8. HP: 18/71 MP: 7/7
  3465 | D:5      | Reached skill level 9 in Axes
  3631 | D:5      | Reached skill level 5 in Armour
  3783 | D:5      | Noticed Duvessa
  3783 | D:5      | Noticed Dowan
  3795 | D:5      | Killed Duvessa
  3809 | D:5      | Killed Dowan
  3810 | D:5      | Reached skill level 5 in Dodging
  4028 | D:5      | Found a shimmering altar of Xom.
  4065 | D:5      | Noticed Menkaure
  4074 | D:5      | Killed Menkaure
  4595 | D:5      | Found a runed translucent door.
  4596 | D:5      | Noticed Crazy Yiuf
  4602 | D:5      | Paralysed by Crazy Yiuf for 1 turns
  4605 | D:5      | Killed Crazy Yiuf
  4725 | D:6      | Reached skill level 1 in Stealth
  4758 | D:6      | HP: 3/91 [wight/+0 war axe (8)]
  4758 | D:6      | HP: 1/88 [wight/+0 war axe (2)]
  4761 | D:6      | Slain by a wight

Illustrated notes

Levels and vault maps discovered:
D:1:      scummos_arrival_gate, layout_rooms, dreamdust_ecumenical_altar_grove
D:2:      layout_basic, minmay_pentomino_x4, uniq_robin, uniq_terence
D:3:      layout_basic, nzn_wu_jian_council_hall, vehumet_altar_wand_db,
          lemuel_doored_altar, uniq_ijyb, uniq_grinder
D:4:      layout_cave_pools, nicolae_sif_muna_condensation
D:5:      layout_cave_pools, dk_xom_monty_hall, uniq_crazy_yiuf_cottage,
          uniq_duvessa, uniq_menkaure
D:6:      layout_cave_pools, fedhas_altar_fruit_tree, serial_shops, shop,
          gup_sewer_entry_spiral, kennysheep_generic_room_13

Skill      XL: |  1  2  3  4  5  6  7  8 |
---------------+-------------------------+-----
Fighting       | 4 5 6 7 |  7.1
Axes           | 4 5 7 8 9 |  9.8
Dodging        | 3 4 5 |  5.2
Armour         | 3 4 7 |  7.0
Stealth        | 1 |  1.0

Action                     |  1- 3 |  4- 6 |  7- 9 || total
---------------------------+-------+-------+-------++-------
  Melee: Hand axe          |    49 |   134 |   191 ||   374
         Headbutt          |    10 |    22 |    20 ||    52
         Punch             |     1 |     2 |     6 ||     9
 Invoke: Trog's Hand       |     1 |     2 |     6 ||     9
         Berserk           |       |     2 |     4 ||     6
    Use: Scroll            |       |     3 |       ||     3
 Armour: Animal skin       |    30 |    24 |       ||    54
         Ring mail         |       |    38 |       ||    38
         Chain mail        |       |     4 |   163 ||   167
  Dodge: Dodged            |    34 |    69 |    79 ||   182
